 Dungeon Crawl Stone Soup version 0.31-a0-222-gefeffbb62a (webtiles) character file.

Game seed: 6987236106079419090

214 qw the Shooter (level 5, -6/41 HPs)
             Began as a Minotaur Hexslinger on July 4, 2023.
             Mangled by an orc
             ... wielding a +0 hand axe of electrocution
              (18 damage)
             ... on level 3 of the Dungeon.
             The game lasted 00:00:39 (1981 turns).

qw the Shooter (Minotaur Hexslinger)                Turns: 1981, Time: 00:00:40

Health: -6/41      AC:  5    Str: 12    XL:     5   Next: 59%
Magic:  5/5        EV: 11    Int: 10    God:
Gold:   86         SH:  0    Dex: 15    Spells: 5/6 levels left

rFire   . . .        Y - +1 sling
rCold   . . .        (no shield)
rNeg    . . .        d - +0 ring mail
rPois   .            (helmet restricted)
rElec   .            (no cloak)
rCorr   .            (no gloves)
SInv    .            (no boots)
Will    .....        (no amulet)
Stlth   +            (no ring)
HPRegen 0.26/turn    (no ring)
MPRegen 0.09/turn

%: no passive effects
@: no status effects
A: horns 2, retaliatory headbutt
a: no special abilities


You were on level 3 of the Dungeon.
You visited 1 branch of the dungeon, and saw 3 of its levels.

You collected 86 gold pieces.


Innate Abilities, Weirdness & Mutations

You have a pair of horns on your head.
You reflexively headbutt those who attack you in melee.


   Skills:
 + Level 2.1 Fighting
 - Level 5.0 Ranged Weapons
 - Level 3.9 Armour
 - Level 2.1 Dodging
 - Level 1.0 Spellcasting
 - Level 2.0 Hexes


You had 5 spell levels left.
You knew the following spells:

 Your Spells              Type           Power      Damage    Failure   Level
a - Slow                  Hex            16%        N/A       32%         1

Your spell library contained the following spells:

 Spells                   Type           Power      Damage    Failure   Level
 Inner Flame              Hex/Fire       2%         N/A       82%         3
 Portal Projectile        Hex/Tloc       4%         N/A       82%         3
 Cause Fear               Hex            2%         N/A       97%         4

Inventory:

Hand Weapons
 Y - a +1 sling (weapon)
Armour
 d - a +0 ring mail (worn)
Scrolls
 b - a scroll of amnesia {unknown}
Potions
 a - 2 potions of heal wounds {unknown}
 f - a potion of mutation {unknown}
 g - a potion of haste {unknown}
 j - 2 potions of curing {unknown}

Dungeon Overview and Level Annotations

Branches:
Dungeon (2/15)

Altars:


Message History

You hear the slow rusting of a very distant drain.
The orc priest closely misses you. You furiously retaliate!
You headbutt the orc priest. The orc misses you.
You shoot a sling bullet. The sling bullet hits the orc priest.
The orc priest is severely wounded.
The orc hits you but does no damage. The orc priest barely misses you.
You furiously retaliate!
You headbutt the orc priest.
You kill the orc priest!
Your Ranged Weapons skill increases to level 5!
You shoot a sling bullet. The sling bullet hits the orc!
The orc is almost dead.
The orc hits you with a +0 whip.
You shoot a sling bullet. The sling bullet hits the orc.
You kill the orc!
You start resting.
You hear the slow rusting of a very distant drain.
You hear the rusting of a very distant drain.
HP restored.
You now have 86 gold pieces (gained 3).
Items here: %% )) [.
You open the door. 2 orcs and 2 orc priests come into view.
An orc is wielding a +0 hand axe of electrocution.
An orc is wielding a +0 war axe of flaming.
The orc shouts! x2; The orc priest shouts! x2
Found 6 stones.
You shoot a sling bullet.
The sling bullet closely misses the orc.
The orc hits you with a +0 hand axe of electrocution.
You are electrocuted!
You shoot a sling bullet. The sling bullet barely misses the orc.
The sling bullet hits the orc priest.
The orc priest is lightly wounded.
The orc priest invokes the aid of Beogh against you.
Beogh smites you! The orc misses you.
You shoot a sling bullet.
The sling bullet closely misses the orc.
The sling bullet hits the orc priest.
The orc priest is lightly wounded.
The orc hits you but does no damage.
You are electrocuted!!
You die...

#.# ##........# #.
#........# # #
#........#
##.##.#........#
+.....#........####
#........##........
#####.#.###########
#...........
####@####### #o#


ooo ..... #...(.. #....... #.......+ #......## You could see 2 orc priests and 2
orcs.

Vanquished Creatures
  A black bear (D:2)
  2 orc priests (D:3)
  An adder (D:2)
  A worm (D:2)
  2 dart slugs (D:1)
  2 orcs (D:3)
  A ball python (D:1)
  5 bats
  4 endoplasms
  2 giant cockroaches
  5 hobgoblins
  4 jackals (D:1)
  4 quokkas
  2 frilled lizards (D:1)
  5 goblins
  4 kobolds
  2 rats (D:1)
47 creatures vanquished.

Notes
Turn   | Place    | Note
-------+----------+-------------------------------------------
     0 | D:1      | qw the Minotaur Hexslinger began the quest for the Orb.
     0 | D:1      | Reached XP level 1. HP: 16/16 MP: 1/1
     0 | D:1      | 0 ||| qw: Version: 0.3-a-46-gb1f654a
     0 | D:1      | 0 ||| qw: Game counter: 914
     0 | D:1      | 0 ||| qw: Melee chars always use a shield: true
     0 | D:1      | 0 ||| qw: God list: Okawaru
     0 | D:1      | 0 ||| qw: Allow faded altars: false
     0 | D:1      | 0 ||| qw: Do Orc after clearing Dungeon:15 true
     0 | D:1      | 0 ||| qw: Do second Lair branch before Depths: true
     0 | D:1      | 0 ||| qw: Lair rune preference: random
     0 | D:1      | 0 ||| qw: Goals: Normal
     0 | D:1      | 0 ||| PLANNING D:1-11
    92 | D:1      | Reached skill level 3 in Ranged Weapons
    92 | D:1      | Reached XP level 2. HP: 13/23 MP: 2/2
    93 | D:1      | 93 ||| FLEEEEING.
    96 | D:1      | 96 ||| FLEEEEING.
    97 | D:1      | 97 ||| FLEEEEING.
    98 | D:1      | 98 ||| FLEEEEING.
    99 | D:1      | 99 ||| FLEEEEING.
   100 | D:1      | 100 ||| FLEEEEING.
   101 | D:1      | 101 ||| FLEEEEING.
   102 | D:1      | 102 ||| FLEEEEING.
   103 | D:1      | 103 ||| FLEEEEING.
   106 | D:1      | 106 ||| FLEEEEING.
   107 | D:1      | 107 ||| FLEEEEING.
   108 | D:1      | 108 ||| FLEEEEING.
   109 | D:1      | 109 ||| FLEEEEING.
   110 | D:1      | 110 ||| FLEEEEING.
   116 | D:1      | 116 ||| FLEEEEING.
   394 | D:1      | Reached XP level 3. HP: 29/29 MP: 3/3
   840 | D:1      | Found a faded altar of an unknown god.
   909 | D:1      | 909 ||| UPGRADING to +0 ring mail.
   919 | D:1      | 919 ||| DROPPING +0 robe.
   920 | D:1      | 920 ||| READING scroll labelled POEHOKHL XECEES.
   921 | D:1      | 921 ||| READING scroll labelled QIS GUB ITOTINN.
   922 | D:1      | 922 ||| READING scroll labelled ZIARCH KUKAE.
   923 | D:1      | 923 ||| DROPPING scroll of poison.
   971 | D:2      | Reached skill level 4 in Ranged Weapons
  1242 | D:2      | Noticed a black bear
  1251 | D:2      | HP: 7/29 [black bear (2)]
  1252 | D:2      | Killed a black bear
  1253 | D:2      | Reached skill level 3 in Armour
  1253 | D:2      | Reached XP level 4. HP: 6/36 MP: 4/4
  1253 | D:2      | Reached XP level 5. HP: 7/41 MP: 5/5
  1707 | D:2      | You fall into a shaft and drop 1 floor!
  1738 | D:3      | 1738 ||| PLANNING SEWER
  1850 | D:3      | Reached skill level 5 in Ranged Weapons
  1981 | D:3      | Mangled by an orc

Levels and vault maps discovered:
D:1:      dpeg_arrival_shrine, layout_basic, chequers_ecumenical_altar_grove
D:2:      layout_loops_corners
D:3:      layout_basic, serial_shops, shop_statue, cheibrodos_sewer_entry_bend,
          uniq_grinder

Skill      XL: |  1  2  3  4  5 |
---------------+----------------+-----
Ranged Weapons | 3 4 5 |  5.0
Fighting       | 2 |  2.1
Armour         | 3 |  3.9
Dodging        | |  2.1
Spellcasting   | |  1.0
Hexes          | |  2.0

Action                     |  1- 3 |  4- 6 || total
---------------------------+-------+-------++-------
   Fire: Sling             |    91 |    67 ||   158
    Use: Scroll            |     3 |       ||     3
 Armour: Robe              |     6 |       ||     6
         Ring mail         |     7 |    16 ||    23
  Dodge: Dodged            |    41 |    29 ||    70

Table legend:
 A = Non-vault XP
 B = Vault XP
 C = Vault XP percentage of total XP
 D = Non-vault monster count
 E = Vault monster count
 F = Vault count percentage of total count
                 A         B        C        D         E       F
            +---------+---------+-------+---------+---------+-------
      Total |     306 |       0 |   0.0 |      47 |       0 |   0.0
            +---------+---------+-------+---------+---------+-------
        D:1 |      50 |       0 |   0.0 |      27 |       0 |   0.0
        D:2 |     158 |       0 |   0.0 |      11 |       0 |   0.0
        D:3 |      98 |       0 |   0.0 |       9 |       0 |   0.0
            +---------+---------+-------+---------+---------+-------
